 Dungeon Crawl Stone Soup version 0.24-a0-537-g2d01d4ab0a (webtiles) character file.

Game seed: 3924256780264612432

16536 Enish the Nimble (level 12, -1/92 HPs)
             Began as a Formicid Chaos Knight on Aug 13, 2019.
             Was an Initiate of Gozag.
             Slain by a centaur warrior (6 damage)
             ... on level 14 of the Dungeon.
             The game lasted 01:05:15 (4584 turns).

Enish the Nimble (Formicid Chaos Knight)            Turns: 4584, Time: 01:05:15

Health: -1/92      AC: 22    Str: 16    XL:     12   Next: 71%
Magic:  12/12      EV: 20    Int: 12    God:    Gozag
Gold:   367        SH:  6    Dex: 14    Spells: 11/11 levels left

rFire    + . .     SeeInvis +   b - +4 dire flail (protect)
rCold    . . .     Gourm    .   E - +2 buckler "Rumeerih" {rF+}
rNeg     . . .     Faith    .   n - +3 ring mail
rPois    .         Spirit   .   (helmet unavailable)
rElec    .         Reflect  .   p - +1 cloak
rCorr    .         Harm     .   k - +0 pair of gloves
MR       ++...                  t - +1 pair of boots
Stlth    +.........             (no amulet)
HPRegen  0.00/turn              m - ring of protection from magic
MPRegen  0.13/turn              s - +2 ring of evasion

@: protection aura
A: permanent stasis, dig shafts and tunnels, four strong arms, antennae 3,
molten scales 1, blurry vision 1, inhibited regeneration, weak 1
a: Dig, Shaft Self, Potion Petition, Call Merchant, Bribe Branch, Renounce
Religion


You were on level 14 of the Dungeon.
You worshipped Gozag.
Gozag was aware of your devotion.
You were very hungry.

You visited 2 branches of the dungeon, and saw 16 of its levels.

You collected 1418 gold pieces.
You spent 310 gold pieces at shops.
You paid 741 gold pieces to Gozag.

Inventory:

Hand Weapons
 b - a +4 dire flail of protection (weapon)
 e - a +3 scimitar of flaming
 u - a +5 battleaxe of draining
Missiles
 d - 15 boomerangs
 l - 31 poisoned darts (quivered)
 A - a throwing net
Armour
 k - a +0 pair of gloves (worn)
 n - a +3 ring mail (worn)
 p - a +1 cloak (worn)
 t - a +1 pair of boots (worn)
 E - the +2 buckler "Rumeerih" (worn) {rF+}
   (You found it on level 11 of the Dungeon)

   It protects you from fire.
Jewellery
 g - an uncursed ring of ice
 m - a ring of protection from magic (left hand)
 s - a +2 ring of evasion (right hand)
Wands
 x - a wand of flame (28)
Scrolls
 i - 2 scrolls of enchant armour
 j - 4 scrolls of remove curse
 o - 3 scrolls of identify
 y - 3 scrolls of fear
 C - 2 scrolls of fog
Potions
 q - 3 potions of resistance
 r - a potion of magic
 v - a potion of brilliance
 D - a potion of flight
Comestibles
 c - 5 rations


   Skills:
 - Level 7.7 Fighting
 - Level 8.4(10.0) Axes
 - Level 8.4(10.0) Maces & Flails
 - Level 2.7 Armour
 * Level 13.1 Dodging
 - Level 2.8 Shields
 - Level 1.0 Evocations


You had 11 spell levels left.
You didn't know any spells.
Your spell library contained the following spells:

 Spells                   Type           Power        Failure   Level  Hunger
 Beastly Appendage        Tmut           #.....       52%         1    ##.....
 Magic Dart               Conj           #...         52%         1    ##.....
 Call Imp                 Summ           #.......     67%         2    ###....
 Slow                     Hex            #.......     67%         2    ###....
 Conjure Flame            Conj/Fire      #.......     88%         3    ####...
 Mephitic Cloud           Conj/Pois/Air  #.......     88%         3    ####...
 Blink                    Tloc           Unusable     N/A         2    N/A

Dungeon Overview and Level Annotations

Branches:
Dungeon (15/15)            Temple (1/1) D:4          Vaults (0/5) D:13
 Depths (0/5) D:15
   Lair: D:8-11         Orc: D:9-12

Altars:
Ashenzari
Dithmenos
Elyvilon
Gozag
Hepliaklqana
Kikubaaqudgha
Nemelex Xobeh
Okawaru
Qazlal
Ru
Sif Muna
Trog
Uskayaw
Vehumet
Wu Jian
Xom
Yredelemnul
Zin
The Shining One

Shops:
D:9 (?*   D:12 (


Innate Abilities, Weirdness & Mutations

You cannot be hasted, slowed, berserked, paralysed or teleported.
You can dig through walls and to a lower floor.
Your four strong arms can wield two-handed weapons with a shield.
You have a pair of large antennae on your head. (SInv)
You are partially covered in molten scales. (AC +2)
Scrolls take you a little longer to read.
You do not regenerate when monsters are visible.
You are weak. (Str -2)


Message History

You retract your mandibles.
You sock the centaur warrior!
Your weapon exudes an aura of protection.
The centaur warrior is moderately wounded.
The centaur warrior unwields a +0 longbow.
You block the centaur warrior's attack.
You sock the centaur warrior!
The centaur warrior is heavily wounded.
The centaur warrior hits you but does no damage.
You puncture the centaur warrior!
The centaur warrior is severely wounded.
You block the centaur warrior's attack.
You barely miss the centaur warrior.
The centaur warrior is severely wounded.
You block the centaur warrior's attack. The centaur warrior hits you.
* * * LOW HITPOINT WARNING * * *
You closely miss the centaur warrior.
The centaur warrior is heavily wounded.
The centaur warrior hits you.
You die...
Your body crumbles into a pile of gold.

#......(.#.#.#.#.##
.Z...##...#########5#
..... ##(..# #.##
..#....#...# ##.#
.###.......# #.##
..##..#....# ##.#
...#....#..# #.##
..........## ####.#
...........# #@#{##
.....##...# ##c##
.#...#...## ###
.......>..#
..........#
...........#
............#
......#....##
......##..##


You could see a centaur warrior.

Vanquished Creatures
  2 vault guards (D:13)
  A hydra (D:12)
  2 centaur warriors (D:15)
  An unseen horror (D:12)
  7 ugly things
  A manticore (D:12)
  A centaur zombie (D:10)
  A gargoyle (D:12)
  An efreet (D:15)
  2 kobold demonologists (D:12)
  A redback zombie (D:15)
  A tengu conjurer (D:14)
  2 trolls (D:12)
  A harpy skeleton (D:14)
  4 hippogriffs
  7 slime creatures
  A meliai zombie (D:14)
  4 yaks (D:10)
  A wyvern (D:15)
  A hungry ghost (D:12)
  A steam dragon (D:9)
  A water moccasin (D:9)
  A soldier ant (D:15)
  5 orc warriors
  4 ice beasts
  A sky beast (D:12)
  4 ogres
  An eye of draining (D:12)
  3 necrophages
  2 centaurs (D:10)
  6 bullfrogs
  2 scorpions
  A wyvern skeleton (D:6)
  5 killer bees (D:12)
  3 wights (D:7)
  2 crimson imps
  A hound (D:5)
  A quasit (D:11)
  3 orc priests
  2 jellies
  A bullfrog skeleton (D:12)
  13 orc wizards
  An iguana (D:12)
  5 worker ants
  A bullfrog simulacrum (D:11)
  A hound skeleton (D:10)
  5 gnolls
  13 adders
  A howler monkey skeleton (D:8)
  5 shadow imps
  2 ufetubi (D:11)
  3 worms
  A dart slug (D:1)
  4 leopard geckos
  42 orcs
  3 giant cockroaches
  11 goblins
  9 hobgoblins
  4 jackals
  4 kobolds
  3 quokkas
  8 bats
  2 frilled lizards
  5 rats
238 creatures vanquished.

Vanquished Creatures (collateral kills)
  Edmund (D:4)
  2 wights (D:7)
  An orc wizard (D:4)
  A worker ant (D:4)
  An adder (D:4)
  3 orcs
  A jackal (D:4)
10 creatures vanquished.

Vanquished Creatures (others)
  A water moccasin (D:9)
  An adder (shapeshifter) (D:7)
2 creatures vanquished.

Grand Total: 250 creatures vanquished

Notes
Turn   | Place    | Note
-------+----------+-------------------------------------------
     0 | D:1      | Enish the Formicid Chaos Knight began the quest for the
                  | Orb.
     0 | D:1      | Reached XP level 1. HP: 18/18 MP: 1/1
     0 | D:1      | Noticed a bullfrog
     0 | D:1      | XOM: potion effect (might)
     6 | D:1      | Killed a bullfrog
     6 | D:1      | Reached XP level 2. HP: 16/24 MP: 2/2
     6 | D:1      | Reached XP level 3. HP: 19/29 MP: 3/3
     6 | D:1      | Reached XP level 4. HP: 24/35 MP: 4/4
    47 | D:1      | Reached skill level 5 in Axes
   123 | D:1      | Reached skill level 1 in Dodging
   248 | D:3      | XOM: confuse monster(s)
   360 | D:1      | Reached XP level 5. HP: 21/41 MP: 5/5
   422 | D:1      | You fall into a shaft and drop 1 floor!
   552 | D:2      | Reached skill level 2 in Dodging
   665 | D:1      | You fall into a shaft and drop 1 floor!
   719 | D:2      | XOM: mild Tmut miscast
   736 | D:2      | XOM: harmless Hex miscast
   840 | D:2      | You fall into a shaft and drop 2 floors!
   849 | D:4      | XOM: divination: detect items
   853 | D:5      | Entered Level 5 of the Dungeon
   859 | D:5      | Reached skill level 3 in Dodging
   859 | D:5      | Reached XP level 6. HP: 32/47 MP: 6/6
   900 | D:4      | Found a staircase to the Ecumenical Temple.
   932 | D:4      | Noticed Edmund
   935 | D:4      | XOM: cleaving
   937 | D:4      | XOM: cleaving
   939 | D:4      | XOM: cleaving
   941 | D:4      | XOM: summons friendly chaos spawn
   953 | D:4      | Killed Edmund
   977 | D:4      | Reached skill level 1 in Maces & Flails
   984 | D:4      | Found a bloodstained altar of Trog.
  1037 | D:4      | Identified the cursed +2 dagger "Marud" {pain, rN+ Str+4
                  | Int+2} (You found it on level 4 of the Dungeon)
  1122 | D:3      | XOM: polymorph adder -> hobgoblin
  1214 | D:3      | Reached XP level 7. HP: 54/54 MP: 7/7
  1308 | D:3      | Found a glowing silver altar of Zin.
  1356 | D:3      | XOM: god gift: short sword {god gift}
  1448 | D:3      | You fall into a shaft and drop 1 floor!
  1477 | D:4      | Found an iron altar of Okawaru.
  1545 | D:4      | You fall into a shaft and drop 3 floors!
  1545 | D:7      | Found a shimmering altar of Xom.
  1545 | D:7      | Found a shimmering altar of Xom.
  1545 | D:7      | Found a shimmering altar of Xom.
  1545 | D:7      | Found a shimmering altar of Xom.
  1547 | D:7      | Noticed a shapeshifter
  1547 | D:7      | a river rat changed into a shapeshifter
  1547 | D:7      | XOM: polymorph river rat -> shapeshifter
  1547 | D:7      | Noticed a jumping spider
  1547 | D:7      | a shapeshifter changed into a jumping spider
  1550 | D:7      | Noticed a death drake
  1550 | D:7      | a jumping spider changed into a death drake
  1556 | D:7      | Noticed a swamp dragon
  1556 | D:7      | a death drake changed into a swamp dragon
  1559 | D:7      | You are sucked into a shaft and drop 1 floor!
  1599 | D:8      | XOM: divination: detect items
  1635 | D:9      | Noticed a steam dragon
  1635 | D:9      | Noticed a water moccasin
  1635 | D:9      | Noticed a hippogriff
  1644 | D:8      | Killed a hippogriff
  1644 | D:8      | Reached skill level 5 in Maces & Flails
  1644 | D:8      | Reached XP level 8. HP: 48/59 MP: 8/8
  1668 | D:7      | XOM: summons friendly ynoxinul
  1754 | D:7      | Found a shattered altar of Ashenzari.
  1893 | D:7      | Noticed a wolf spider
  1946 | D:8      | XOM: confuse monster(s)
  2058 | D:6      | Reached skill level 1 in Evocations
  2058 | D:6      | Reached XP level 9. HP: 48/64 MP: 9/9
  2154 | D:6      | XOM: summons friendly crimson imp
  2230 | D:5      | Fell from the grace of Xom
  2338 | Temple   | Entered the Ecumenical Temple
  2378 | Temple   | Became a worshipper of Gozag Ym Sagoz the Greedy
  2407 | D:4      | You fall into a shaft and drop 3 floors!
  2483 | D:7      | XOM: mild Ice miscast
  2494 | D:7      | Found an ancient bone altar of Kikubaaqudgha.
  2496 | D:7      | Found a shimmering blue altar of Sif Muna.
  2500 | D:7      | Found a radiant altar of Vehumet.
  2504 | D:7      | Identified Sif Muna's Tome of Transmigration
  2508 | D:7      | You fall into a shaft and drop 2 floors!
  2511 | D:9      | Found a glowing golden altar of the Shining One.
  2523 | D:9      | Found Beto's Weapon Shoppe.
  2567 | D:10     | Entered Level 10 of the Dungeon
  2614 | D:9      | Found Holuoq's Assorted Antiques.
  2625 | D:9      | HP: 2/65 [steam dragon] (13)]
  2631 | D:9      | Bought a notched emerald ring for 125 gold pieces
  2631 | D:9      | Bought a scroll labeled OFYKAL ROATI for 25 gold pieces
  2631 | D:9      | Bought a scroll labeled OXAIFA UQESA for 25 gold pieces
  2631 | D:9      | Bought a potion of curing for 75 gold pieces
  2693 | D:9      | XOM: give mutations
  2693 | D:9      | Gained mutation: You are partially covered in rugged brown
                  | scales. (AC +1, +3% HP) [Xom's mischief]
  2693 | D:9      | Gained mutation: Your spells are a little harder to cast,
                  | but a little more powerful. [Xom's mischief]
  2693 | D:9      | Lost mutation: You are partially covered in rugged brown
                  | scales. (AC +1, +3% HP) [Xom's mischief]
  2695 | D:9      | Found Erioc's Magic Scroll Emporium.
  2699 | D:9      | Bought a scroll of fog for 22 gold pieces
  2713 | D:9      | Bought a scroll of magic mapping for 38 gold pieces
  2723 | D:9      | XOM: summons 9 hostile demons
  2729 | D:9      | You fall into a shaft and drop 2 floors!
  2734 | D:11     | Reached skill level 5 in Fighting
  2772 | D:11     | Got a fine buckler
  2778 | D:11     | Identified the +2 buckler "Rumeerih" {rF+} (You found it on
                  | level 11 of the Dungeon)
  2790 | D:10     | Noticed a hippogriff
  2806 | D:10     | Killed a hippogriff
  2806 | D:10     | Reached XP level 10. HP: 56/74 MP: 10/10
  3014 | D:10     | Reached skill level 4 in Dodging
  3039 | D:10     | Reached skill level 5 in Dodging
  3138 | D:10     | Reached skill level 6 in Dodging
  3285 | D:12     | Found Xiusch's Antique Weapon Shoppe.
  3285 | D:12     | Noticed an unseen horror
  3299 | D:12     | Killed an unseen horror
  3309 | D:12     | Reached skill level 7 in Dodging
  3309 | D:12     | Reached XP level 11. HP: 42/85 MP: 11/11
  3320 | D:12     | Noticed a white ugly thing
  3328 | D:12     | Killed a white ugly thing
  3336 | D:12     | Reached skill level 8 in Dodging
  3363 | D:12     | Reached skill level 9 in Dodging
  3370 | D:12     | Noticed a manticore
  3374 | D:12     | Killed a manticore
  3493 | D:12     | Noticed a four-headed hydra
  3504 | D:12     | XOM: polymorph goblin -> adder
  3506 | D:12     | Killed a four-headed hydra
  3506 | D:12     | Reached skill level 10 in Dodging
  3534 | D:12     | You fall into a shaft and drop 3 floors!
  3534 | D:15     | Entered Level 15 of the Dungeon
  3534 | D:15     | Noticed a purple ugly thing
  3534 | D:15     | Noticed a purple ugly thing
  3535 | D:15     | Noticed a purple ugly thing
  3536 | D:15     | Noticed a purple ugly thing
  3537 | D:15     | Noticed a purple ugly thing
  3540 | D:15     | Noticed a purple ugly thing
  3542 | D:15     | Killed a purple ugly thing
  3550 | D:15     | Killed a brown ugly thing
  3559 | D:15     | Killed a cyan ugly thing
  3566 | D:15     | Killed a red ugly thing
  3566 | D:15     | Reached skill level 11 in Dodging
  3566 | D:15     | Reached XP level 12. HP: 47/92 MP: 12/12
  3591 | D:15     | XOM: summons 4 hostile demons
  3631 | D:15     | XOM: give mutations
  3631 | D:15     | Gained mutation: You do not regenerate when monsters are
                  | visible. [Xom's mischief]
  3631 | D:15     | Gained mutation: You are partially covered in molten
                  | scales. (AC +2) [Xom's mischief]
  3631 | D:15     | Gained mutation: Scrolls take you a little longer to read.
                  | [Xom's mischief]
  3830 | D:14     | Noticed a centaur warrior
  4033 | D:15     | Reached skill level 12 in Dodging
  4083 | D:15     | Noticed a centaur warrior
  4101 | D:15     | Killed a centaur warrior
  4106 | D:15     | Noticed a centaur warrior
  4137 | D:15     | Killed a centaur warrior
  4357 | D:15     | XOM: give mutations
  4357 | D:15     | Gained mutation: You are weak. (Str -2) [Xom's mischief]
  4357 | D:15     | Lost mutation: Your spells are a little harder to cast, but
                  | a little more powerful. [Xom's mischief]
  4417 | D:13     | Found a gate to the Vaults.
  4417 | D:13     | Noticed a vault guard
  4417 | D:13     | Noticed a vault guard
  4417 | D:13     | Noticed a vault guard
  4417 | D:13     | Noticed a vault guard
  4417 | D:13     | Noticed a vault guard
  4417 | D:13     | Noticed a vault guard
  4417 | D:13     | Noticed a vault guard
  4440 | D:13     | Killed a vault guard
  4459 | D:13     | Killed a vault guard
  4459 | D:13     | Reached skill level 13 in Dodging
  4475 | D:13     | You fall into a shaft and drop 1 floor!
  4570 | D:14     | XOM: summons 1 hostile demon
  4584 | D:14     | Slain by a centaur warrior

Levels and vault maps discovered:
D:1:      evilmike_arrival_come_back, layout_basic, minmay_circled_x
D:2:      minmay_alternating_diamond, layout_loops_corners,
          kennysheep_generic_room_16
D:3:      layout_basic, nicolae_overflow_crystal_walls, first_ration,
          grunt_ministairs_9
D:4:      layout_rooms, kennysheep_mini_moat, kennysheep_okawaru_gauntlet,
          minmay_temple_entry_glass, uniq_edmund
D:5:      layout_loops_corners, lemuel_coloured_pillars_altar,
          nicolae_elemental_shop, minmay_misc_feat_iff
D:6:      layout_basic
D:7:      layout_loops_ring, grunt_temple_overflow_magic_moments,
          nicolae_ashenzari_panopticon, xom_shifter_show
D:8:      layout_basic, lair_entry_dummy
D:9:      layout_rooms, cheibrodos_worm_habitat, nicolae_tso_swordbearing_angel,
          serial_shops, shop, nicolae_shop_trees, shop_statue, shop, the_bakery,
          dk_noncrumbling_2, makhleb_blood_cavern_becter
D:10:     layout_gridville, nemelex_diamond_rough_becter, uniq_erica
D:11:     layout_loops_ring, orc_david_3, serial_ice, serial_ice_j,
          serial_ice_h, serial_ice_o, serial_ice_d, serial_ice_f, uniq_grum
D:12:     lemuel_slime, layout_cave_pools, serial_shops, shop_statue,
          enter_bailey_3
D:13:     layout_roguey, erik_vaults_2, portal_ice_cave_rime, basic_altar,
          uniq_urug, uniq_erolcha
D:14:     layout_cave_pools, serial_bayou_pond_e, minivault_7
D:15:     grunt_enter_depths_snipers, layout_loops_ring
Temple:   eino_wide_crystal_templ

Skill      XL: |  1  2  3  4  5  6  7  8  9 10 11 12 |
---------------+-------------------------------------+-----
Axes           | 4 5 7 8 |  8.4
Dodging        | 1 3 7 11 13 | 13.1
Fighting       | 4 5 7 |  7.7
Maces & Flails | 2 5 7 8 |  8.4
Evocations     | 1 |  1.0
Shields        | 2 |  2.8
Armour         | |  2.7

Action                   |  1- 3 |  4- 6 |  7- 9 | 10-12 || total
-------------------------+-------+-------+-------+-------++-------
Melee: Hand axe          |     4 |   172 |       |       ||   176
       Dire flail        |       |    42 |   237 |   521 ||   800
       Battleaxe         |       |       |    29 |       ||    29
Throw: Dart              |       |    11 |    14 |     6 ||    31
Invok: Renounce Religion |       |       |     1 |       ||     1
       Potion Petition   |       |       |       |     3 ||     3
 Abil: Dig               |     1 |    18 |    16 |    10 ||    45
       Shaft Self        |       |     3 |     6 |     1 ||    10
Evoke: Wand              |       |       |     1 |    15 ||    16
  Use: Scroll            |       |    11 |     5 |     4 ||    20
       Potion            |       |     4 |     4 |    11 ||    19
 Stab: Distracted        |       |       |     1 |     3 ||     4
       Invisible         |       |       |       |     9 ||     9
  Eat: Ration            |       |     1 |     3 |     3 ||     7
       Chunk             |       |     1 |     2 |       ||     3
Armor: Leather armour    |       |    23 |       |       ||    23
       Ring mail         |       |    58 |   134 |   119 ||   311
       Skin              |       |     6 |       |       ||     6
Dodge: Dodged            |     5 |   125 |   209 |   273 ||   612
Block: Buckler           |       |       |     5 |   118 ||   123

Table legend:
 A = Non-vault XP
 B = Vault XP
 C = Vault XP percentage of total XP
 D = Non-vault monster count
 E = Vault monster count
 F = Vault count percentage of total count
                 A         B        C        D         E       F
            +---------+---------+-------+---------+---------+-------
      Total |   21352 |    2272 |   9.6 |     228 |      21 |   8.4
            +---------+---------+-------+---------+---------+-------
        D:1 |      11 |     104 |  90.4 |       6 |       6 |  50.0
        D:2 |      91 |      17 |  15.7 |      22 |       4 |  15.4
        D:3 |     119 |       4 |   3.3 |      23 |       2 |   8.0
        D:4 |     243 |     100 |  29.2 |      18 |       1 |   5.3
        D:5 |     234 |       0 |   0.0 |       6 |       0 |   0.0
        D:6 |     534 |       0 |   0.0 |      11 |       0 |   0.0
        D:7 |     681 |       0 |   0.0 |      26 |       0 |   0.0
        D:8 |     601 |       0 |   0.0 |       9 |       0 |   0.0
        D:9 |     542 |       0 |   0.0 |       6 |       0 |   0.0
       D:10 |    3487 |       0 |   0.0 |      44 |       0 |   0.0
       D:11 |      58 |      41 |  41.4 |       2 |       3 |  60.0
       D:12 |    6172 |      18 |   0.3 |      28 |       3 |   9.7
       D:13 |     136 |    1988 |  93.6 |       1 |       2 |  66.7
       D:14 |     978 |       0 |   0.0 |       5 |       0 |   0.0
       D:15 |    7465 |       0 |   0.0 |      21 |       0 |   0.0
            +---------+---------+-------+---------+---------+-------
